 Dungeon Crawl Stone Soup version 0.31-a0-174-g85c54bcb58 (webtiles) character file.

Game seed: 16280867390209752128

135 qw the Chopper (level 5, 0/32 HPs)
             Began as a Gargoyle Fighter on June 15, 2023.
             Slain by a gnoll
             ... wielding a +0 whip
              (4 damage)
             ... on level 3 of the Dungeon.
             The game lasted 00:00:47 (1973 turns).

qw the Chopper (Gargoyle Fighter)                   Turns: 1973, Time: 00:00:48

Health: 0/32       AC: 13    Str: 21    XL:     5   Next: 18%
Magic:  5/5        EV:  7    Int:  9    God:
Gold:   71         SH:  4    Dex:  9    Spells: 4/4 levels left

rFire   . . .        Y - +0 war axe
rCold   . . .        c - +0 buckler
rNeg    + . .        e - +0 chain mail
rPois   inf          (no helmet)
rElec   +            (no cloak)
rCorr   .            (no gloves)
SInv    .            (no boots)
Will    .....        (no amulet) Stlth
                     (no ring)
HPRegen 0.25/turn    (no ring)
MPRegen 0.09/turn

%: no passive effects
@: about to teleport
A: sickness immunity, AC +4, negative energy resistance 1, electricity
resistance, torment resistance 1, petrification resistance
a: no special abilities


You were on level 3 of the Dungeon.
You visited 1 branch of the dungeon, and saw 3 of its levels.

You collected 71 gold pieces.


Innate Abilities, Weirdness & Mutations

You are immune to sickness and miasma.
Your stone body is resilient. (AC +4)
You are immune to poison.
You resist negative energy. (rN+)
You are resistant to electric shocks. (rElec)
You are resistant to unholy torment.
You are immune to petrification.


   Skills:
 - Level 3.2 Fighting
 + Level 4.5 Axes
 - Level 1.0 Throwing
 - Level 3.2 Armour
 - Level 3.2 Shields


You had 4 spell levels left.
You didn't know any spells.
Your spell library was empty.

Inventory:

Hand Weapons
 l - a +0 mace
 Y - a +0 war axe (weapon)
Missiles
 b - 4 javelins
 i - 4 boomerangs (quivered)
Armour
 a - an orb of guile
 c - a +0 buckler (worn)
 e - a +0 chain mail (worn)
Scrolls
 j - a scroll of identify
 m - 5 scrolls of teleportation
Potions
 d - a potion of might
 g - a potion of lignification {unknown}
 h - a potion of degeneration {unknown}
 k - 2 potions of curing
 o - a potion of ambrosia {unknown}

Dungeon Overview and Level Annotations

Branches:
Dungeon (3/15)

Altars:

Shops:
D:2 [


Message History

Found a metallic puce potion.
Enter note:
Enter note:
Enter note:
Found 8 gold pieces.
The gnoll hits you but does no damage.
There is an open door here.
Enter note:
Enter note:
Enter note: You slash the gnoll!
The gnoll is almost dead.
The gnoll hits you with a +0 spear!
The gnoll hits you from afar with a +0 halberd.
You hit the gnoll but do no damage.
The gnoll is almost dead.
You slash the gnoll! The gnoll hits you with a +0 spear.
The gnoll hits you from afar with a +0 halberd.
The gnoll hits you but does no damage. The gnoll barely misses you.
The gnoll hits you but does no damage. x2
The gnoll hits you from afar with a +0 spear.
You slash the gnoll!
You kill the gnoll!
You hit the gnoll but do no damage. The gnoll hits you but does no damage.
The gnoll closely misses you. x2
You hit the gnoll.
The gnoll is severely wounded.
The gnoll hits you with a +0 whip.
The gnoll hits you but does no damage. x2
1972 ||| READING 6 scrolls of teleportation.
As you read the scroll of teleportation, it crumbles to dust.
You feel strangely unstable. The gnoll hits you but does no damage.
The gnoll hits you from afar with a +0 halberd.
The gnoll hits you but does no damage.
You barely miss the gnoll.
The gnoll is severely wounded.
You block the gnoll's attack.
The gnoll hits you but does no damage. x2
The gnoll hits you with a +0 whip.
You die...

#. +...+...
#.......# #...####
#.......# #...#
#.......# #####
#.......#
###..!....#
.......gg.#
#$...)g..# #@# #.#
#.# #.#
#.################
#.................
#.################
###


You could see 3 gnolls.

Vanquished Creatures
  Natasha (twice) (D:3)
  A gnoll (D:3)
  2 adders
  A worm (D:2)
  A dart slug (D:1)
  2 bats
  6 endoplasms
  5 giant cockroaches
  A goblin (D:1)
  2 hobgoblins
  8 jackals
  3 quokkas
  5 ball pythons
  3 frilled lizards
  3 kobolds (D:1)
  5 rats
50 creatures vanquished.

Notes
Turn   | Place    | Note
-------+----------+-------------------------------------------
     0 | D:1      | qw the Gargoyle Fighter began the quest for the Orb.
     0 | D:1      | Reached XP level 1. HP: 14/14 MP: 1/1
     0 | D:1      | 0 ||| qw: Version: 0.2-a-29-g511e9b1
     0 | D:1      | 0 ||| qw: Game counter: 5320
     0 | D:1      | 0 ||| qw: Always use a shield: true
     0 | D:1      | 0 ||| qw: God list: Okawaru
     0 | D:1      | 0 ||| qw: Allow faded altars: false
     0 | D:1      | 0 ||| qw: Do Orc after D:15 true
     0 | D:1      | 0 ||| qw: Do second Lair branch before Depths: true
     0 | D:1      | 0 ||| qw: Lair rune preference: random
     0 | D:1      | 0 ||| qw: Plans: Normal, Zot:1-4, Slime:5, God:TSO, Crypt,
                  | Tomb, Abyss, Pan, Hells, Win
     0 | D:1      | 0 ||| PLANNING D:1-11
    18 | D:1      | Reached skill level 2 in Axes
   153 | D:1      | Reached XP level 2. HP: 19/19 MP: 2/2
   212 | D:1      | 212 ||| DROPPING +0 club.
   252 | D:1      | 252 ||| Stepping ~*~*~tactically~*~*~ (hiding).
   629 | D:1      | Reached skill level 3 in Axes
   645 | D:1      | Reached XP level 3. HP: 23/23 MP: 3/3
   799 | D:1      | Found a faded altar of an unknown god.
   801 | D:1      | 801 ||| UPGRADING to +0 chain mail.
   811 | D:1      | 811 ||| DROPPING +0 scale mail.
   812 | D:1      | 812 ||| READING scroll labelled KEUBBE CEIWKEM.
   813 | D:1      | 813 ||| READING scroll labelled ESAHUI ROBERO.
   814 | D:1      | 814 ||| READING 5 scrolls labelled QOCVEUREAS.
   818 | D:1      | 818 ||| READING scroll labelled LUCIAW BEFIYCE.
   819 | D:1      | 819 ||| READING scroll labelled YQEIHA ARUJI.
   820 | D:1      | 820 ||| DRINKING 2 coppery potions.
  1260 | D:2      | Reached skill level 1 in Throwing
  1272 | D:2      | Found Kienuwel's Antique Armour Boutique.
  1277 | D:2      | Reached XP level 4. HP: 28/28 MP: 4/4
  1279 | D:2      | 1279 ||| SHOPLISTING cloak (121 gold, have 44).
  1279 | D:2      | 1279 ||| SHOPLISTING glowing cloak (202 gold, have 44).
  1675 | D:2      | 1675 ||| READING scroll labelled UDIODO LEKOFFE.
  1676 | D:2      | 1676 ||| READING scroll labelled PAEGUI SANNORIMO.
  1677 | D:2      | 1677 ||| READING 2 scrolls of identify.
  1677 | D:2      | 1677 ||| IDENTIFYING red potion
  1678 | D:2      | 1678 ||| DROPPING potion of enlightenment.
  1728 | D:3      | Noticed Natasha
  1737 | D:3      | Killed Natasha
  1738 | D:3      | Reached skill level 4 in Axes
  1798 | D:3      | Noticed Natasha
  1807 | D:3      | Killed Natasha
  1852 | D:3      | Reached XP level 5. HP: 32/32 MP: 5/5
  1971 | D:3      | HP: 8/32 [gnoll/+0 whip (4)]
  1972 | D:3      | 1972 ||| READING 6 scrolls of teleportation.
  1973 | D:3      | Slain by a gnoll

Levels and vault maps discovered:
D:1:      saegor_arrival_simple_d, layout_loops_cross,
          hellmonk_ecumenical_altar_leap_of_faith, supply_closet_lemuel
D:2:      minmay_inner_zag, layout_basic, serial_shops, shop,
          minmay_heptomino_h4
D:3:      layout_basic, eino_curves_04, nicolae_elevator_lobby_plus, uniq_ijyb,
          uniq_natasha

Skill      XL: |  1  2  3  4 |
---------------+-------------+-----
Axes           | 2 3 4 |  4.5
Throwing       | 1 |  1.0
Fighting       | |  3.2
Armour         | |  3.2
Shields        | |  3.2

Action                     |  1- 3 |  4- 6 || total
---------------------------+-------+-------++-------
  Melee: War axe           |    65 |    25 ||    90
  Throw: Boomerang         |    39 |     3 ||    42
         Javelin           |    15 |     9 ||    24
    Use: Scroll            |     5 |     4 ||     9
         Potion            |     1 |       ||     1
 Armour: Scale mail        |    22 |       ||    22
         Chain mail        |     8 |    29 ||    37
  Dodge: Dodged            |    37 |     7 ||    44
  Block: Buckler           |    13 |     5 ||    18

Table legend:
 A = Non-vault XP
 B = Vault XP
 C = Vault XP percentage of total XP
 D = Non-vault monster count
 E = Vault monster count
 F = Vault count percentage of total count
                 A         B        C        D         E       F
            +---------+---------+-------+---------+---------+-------
      Total |     135 |      58 |  30.1 |      42 |       8 |  16.0
            +---------+---------+-------+---------+---------+-------
        D:1 |      41 |       0 |   0.0 |      24 |       0 |   0.0
        D:2 |      23 |      23 |  50.0 |      10 |       7 |  41.2
        D:3 |      71 |      35 |  33.0 |       8 |       1 |  11.1
            +---------+---------+-------+---------+---------+-------
